 Dungeon Crawl Stone Soup version 0.30-a0-43-gbbf338a72c (webtiles) character file.

Game seed: 18340991584871808887

1614 Locuples the Cleaver (level 8, -13/71 HPs)
             Began as a Minotaur Berserker on Aug 31, 2022.
             Was a Priest of Trog.
             Mangled by a two-headed ogre
             ... wielding a +0 giant spiked club
              (33 damage)
             ... on level 6 of the Dungeon.
             The game lasted 00:08:08 (5048 turns).

Locuples the Cleaver (Minotaur Berserker)           Turns: 5048, Time: 00:08:09

Health: -13/71     AC: 11    Str: 23    XL:     8   Next: 64%
Magic:  7/7        EV: 11    Int:  4    God:    Trog [***...]
Gold:   187        SH:  0    Dex: 11    Spells: 7/7 levels left

rFire   . . .      SeeInvis .    z - +0 war axe
rCold   . . .      Faith    .    (no shield)
rNeg    . . .      Spirit   .    g - +0 scale mail
rPois   .          Reflect  .    (helmet restricted)
rElec   .          Harm     .    (no cloak)
rCorr   .          Rampage  .    n - +2 pair of gloves
Will    .....                    (no boots)
Stlth   ..........               s - amulet of regeneration
HPRegen 1.01/turn                (no ring)
MPRegen 0.10/turn                (no ring)

@: on berserk cooldown
A: horns 2, retaliatory headbutt
a: Renounce Religion, Berserk, Trog's Hand


You were on level 6 of the Dungeon.
You worshipped Trog.
Trog was most pleased with you.
You visited 1 branch of the dungeon, and saw 6 of its levels.

You collected 187 gold pieces.

Inventory:

Hand Weapons
 z - a +0 war axe (weapon)
Armour
 g - a +0 scale mail (worn)
 n - a +2 pair of gloves (worn)
Jewellery
 a - a ring of magical power
 s - an amulet of regeneration (around neck)
 y - an amulet of reflection
Wands
 p - a wand of iceblast (5)
 u - a wand of light (9)
 B - a wand of paralysis (12)
Scrolls
 c - 4 scrolls of identify
 d - 2 scrolls of amnesia
 f - 4 scrolls of teleportation
 i - a scroll of immolation {unknown}
 m - 2 scrolls of fear
 o - 3 scrolls of magic mapping {unknown}
 t - a scroll of silence {unknown}
 C - a scroll of blinking {unknown}
Potions
 b - 3 potions of cancellation
 e - a potion of magic {unknown}
 h - 2 potions of haste {unknown}
 j - a potion of curing {unknown}
 k - 3 potions of lignification {unknown}
 l - a potion of degeneration {unknown}
 q - a potion of heal wounds
 r - a potion of brilliance {unknown}
 v - a potion of might {unknown}
 w - a potion of ambrosia {unknown}
 x - a potion of invisibility {unknown}
 A - 3 potions of attraction {unknown}


   Skills:
 + Level 6.4 Fighting
 + Level 9.7 Axes
 + Level 7.3 Armour
 + Level 4.1 Dodging


You had 7 spell levels left.
You didn't know any spells.
Your spell library was empty.

Dungeon Overview and Level Annotations

Branches:
Dungeon (6/15)
 Temple: D:4-7

Altars:
Dithmenos
Elyvilon
Fedhas
Nemelex Xobeh
Ru
Trog
Wu Jian

Shops:
D:4 (


Innate Abilities, Weirdness & Mutations

You have a pair of horns on your head.
You reflexively headbutt those who attack you in melee.


Message History

You kill the bullfrog!
Trog accepts your kill.
You feel yourself speed up.
You open the door.
There is an open door here.
You open the door.
A two-headed ogre and an adder come into view.
The two-headed ogre shouts in stereo!
The adder closely misses you. The adder bites you but does no damage.
There is an open door here.
You slash the two-headed ogre!
The two-headed ogre is lightly wounded.
You closely miss the adder. The adder bites you but does no damage.
The two-headed ogre hits you with a +0 giant spiked club!!
The two-headed ogre hits you with a +0 giant club!!
* * * LOW HITPOINT WARNING * * *
You barely miss the two-headed ogre. You headbutt the two-headed ogre!
The two-headed ogre is moderately wounded.
You closely miss the adder. The adder barely misses you.
You furiously retaliate!
You headbutt the adder!
The two-headed ogre hits you with a +0 giant spiked club!
* * * LOW HITPOINT WARNING * * *
The two-headed ogre barely misses you.
Okay, then.
You feel much better. The adder closely misses you. You furiously retaliate!
You headbutt the adder.
You kill the adder!
Trog accepts your kill.
You're still recovering from your berserk rage.
You hit the two-headed ogre.
The two-headed ogre is moderately wounded.
The two-headed ogre hits you with a +0 giant spiked club!!
* * * LOW HITPOINT WARNING * * *
The two-headed ogre closely misses you.
You hear a bark!
You slash the two-headed ogre!
The two-headed ogre is heavily wounded.
You hear a shout!
The two-headed ogre hits you with a +0 giant spiked club!!
You die...

.............#
##+#####......#
#......#.....[#
#......'......#
#......#......#
#......#......#
#......#......#
######+##......#
#.........###@##
#.........+.†O.......
#.........#..........
#.........#..........
#.........##..#######
#....#######..#
####....# ....
.......<# ....
....))..#


You could see a two-headed ogre.

Vanquished Creatures
  Pikel (D:5)
  Edmund (D:5)
  A water moccasin (D:6)
  A black bear (D:6)
  3 phantoms
  A lemure (D:5)
  2 bullfrogs
  A necrophage (D:4)
  A scorpion (D:5)
  A hound (D:6)
  An orc priest (D:5)
  4 iguanas
  3 orc wizards
  3 gnolls (D:2)
  4 adders
  A shadow imp (D:5)
  4 worms
  3 dart slugs
  20 orcs
  14 ball pythons
  2 bats (D:1)
  6 endoplasms
  5 giant cockroaches
  8 goblins
  6 hobgoblins
  2 jackals (D:5)
  4 kobolds
  7 quokkas
  3 frilled lizards
  2 rats (D:3)
115 creatures vanquished.

Vanquished Creatures (others)
  13 fungi (D:5)
  A plant (D:5)
14 creatures vanquished.

Grand Total: 129 creatures vanquished

Notes
Turn   | Place    | Note
-------+----------+-------------------------------------------
     0 | D:1      | Locuples the Minotaur Berserker began the quest for the
                  | Orb.
     0 | D:1      | Reached XP level 1. HP: 19/19 MP: 0/0
   126 | D:1      | Reached XP level 2. HP: 25/27 MP: 1/1
   157 | D:1      | Reached skill level 4 in Axes
   869 | D:1      | Reached XP level 3. HP: 33/33 MP: 2/2
  1607 | D:2      | Reached ** piety under Trog
  1613 | D:2      | Identified the +5 glaive of Megalomania {elec, rPois rN+
                  | Str-2 Int+3}
  1643 | D:2      | Reached XP level 4. HP: 34/41 MP: 3/3
  1958 | D:2      | Found a faded altar of an unknown god.
  1961 | D:2      | Reached skill level 5 in Axes
  2515 | D:3      | Reached XP level 5. HP: 45/47 MP: 4/4
  3111 | D:4      | Noticed a phantom
  3133 | D:4      | Killed a phantom
  3168 | D:4      | Reached skill level 5 in Fighting
  3168 | D:4      | Reached skill level 6 in Axes
  3168 | D:4      | Reached XP level 6. HP: 54/56 MP: 5/5
  3281 | D:4      | Found a blossoming altar of Fedhas.
  3282 | D:4      | Found a sacrificial altar of Ru.
  3435 | D:4      | Found a sparkling altar of Nemelex Xobeh.
  3762 | D:4      | Found Upregoz's Antique Weapon Emporium.
  3830 | D:5      | Entered Level 5 of the Dungeon
  3843 | D:5      | Reached skill level 7 in Axes
  3843 | D:5      | Reached XP level 7. HP: 48/61 MP: 6/6
  3895 | D:5      | Found a bloodstained altar of Trog.
  3908 | D:5      | Found a shadowy altar of Dithmenos.
  3925 | D:5      | Reached skill level 5 in Armour
  3983 | D:5      | Noticed Edmund
  3995 | D:5      | Killed Edmund
  4074 | D:5      | Noticed Pikel
  4085 | D:5      | Killed Pikel
  4086 | D:5      | Reached skill level 8 in Axes
  4086 | D:5      | Reached XP level 8. HP: 70/70 MP: 7/7
  4311 | D:5      | Reached skill level 9 in Axes
  4678 | D:5      | Found an ornate altar of the Wu Jian Council.
  4829 | D:5      | Found a white marble altar of Elyvilon.
  4981 | D:6      | Reached *** piety under Trog
  5042 | D:6      | Noticed a two-headed ogre
  5048 | D:6      | Mangled by a two-headed ogre

Illustrated notes

Levels and vault maps discovered:
D:1:      psy_arrival_fountain, layout_loops_corners
D:2:      layout_loops_cross, dreamdust_ecumenical_altar_angels_and_demons,
          minmay_bisected
D:3:      layout_loops_corners, dk_noncrumbling_3, minmay_liquid_box
D:4:      layout_loops_ring, lemuel_crystal_altar,
          mainiacjoe_overflow_divided_tiny, serial_shops, kennysheep_mini
D:5:      layout_basic, nicolae_wu_jian_glorious_leap,
          nicolae_elyvilon_temple_path, mainiacjoe_overflow_catch_the_wave,
          uniq_edmund, uniq_pikel
D:6:      layout_gridville, nicolae_uskayaw_dance_hall,
          minmay_temple_entry_waves, uniq_menkaure, uniq_blork_the_orc

Skill      XL: |  1  2  3  4  5  6  7  8 |
---------------+-------------------------+-----
Axes           | 4 5 6 7 8 9 |  9.7
Fighting       | 4 5 6 |  6.4
Armour         | 3 4 6 7 |  7.3
Dodging        | 3 4 |  4.1

Action                   |  1- 3 |  4- 6 |  7- 9 || total
-------------------------+-------+-------+-------++-------
Melee: Hand axe          |    78 |   131 |    16 ||   225
       Headbutt          |    15 |    18 |    19 ||    52
       War axe           |       |       |    65 ||    65
       Punch             |       |       |     1 ||     1
Invok: Berserk           |       |       |     3 ||     3
  Use: Scroll            |       |     5 |       ||     5
       Potion            |       |       |     1 ||     1
Armor: Animal skin       |     6 |       |       ||     6
       Scale mail        |    19 |    46 |    29 ||    94
Dodge: Dodged            |    55 |    53 |    47 ||   155

Table legend: (Time is in decaauts)
 A = Elapsed time spent in this place.
 B = Non-inter-level travel time spent in this place.
 C = Inter-level travel time spent in this place.
 D = Time resting spent in this place.
 E = Time spent auto-exploring this place.
 F = Levels seen in this place.
 G = Mean time per level.
                   A        B        C        D        E       F      G
               +--------+--------+--------+--------+--------+-----+--------+
         Total |   5089 |   4937 |    152 |      6 |   3982 |   6 |  848.2 |
       Dungeon |   5089 |   4937 |    152 |      6 |   3982 |   6 |  848.2 |
               +--------+--------+--------+--------+--------+-----+--------+

Top non-repeatable levels by time:
     D:1: 1179 daAuts
     D:5: 1162 daAuts
     D:3: 1055 daAuts
     D:2: 861 daAuts
     D:4: 746 daAuts
     D:6: 85 daAuts
